 Dungeon Crawl Stone Soup version 0.24-a0-335-g06ca16af6c (webtiles) character file.

Game seed: 9862539898916169649

1195 HAL9000 the Slicer (level 8, -1/38 HPs)
             Began as a Vine Stalker Assassin on May 18, 2019.
             Was a Believer of Dithmenos.
             Slain by a mummy (6 damage)
             ... in an ossuary.
             The game lasted 00:11:22 (4702 turns).

HAL9000 the Slicer (Vine Stalker Assassin)          Turns: 4702, Time: 00:11:23

Health: -1/38      AC:  5    Str: 17    XL:     8   Next: 44%
Magic:  0/9        EV: 11    Int: 11    God:    Dithmenos [**....]
Gold:   265        SH:  0    Dex: 15    Spells: 7/7 levels left

rFire    . . .     SeeInvis .   m - +0 rapier
rCold    . . .     Gourm    .   (no shield)
rNeg     . . .     Faith    .   r - +0 leather armour
rPois    +         Spirit   +   (no helmet)
rElec    .         Reflect  .   c - +1 cloak
rCorr    .         Harm     .   (no gloves)
MR       +....                  (no boots)
Stlth    +++.......             (no amulet)
HPRegen  0.52/turn              w - ring of wizardry
MPRegen  0.11/turn              s - ring of poison resistance

@: lethally poisoned (-1 -> -1), wreathed by umbra
A: fangs 3, regeneration 1, magic shield, antimagic bite, no potion heal 3, rot
immunity
a: Shadow Step, Renounce Religion


You were in an ossuary.
You worshipped Dithmenos.
Dithmenos was pleased with you.
You were hungry.

You visited 1 branch of the dungeon, and saw 5 of its levels.
You also visited: Ossuary.

You collected 265 gold pieces.

Inventory:

Hand Weapons
 a - a +2 dagger
 m - a +0 rapier (weapon)
Missiles
 d - 24 poisoned darts (quivered)
 e - 2 curare-tipped darts
Armour
 c - a +1 cloak (worn)
 r - a +0 leather armour (worn)
Jewellery
 s - a ring of poison resistance (right hand)
 w - a ring of wizardry (left hand)
Scrolls
 g - 2 scrolls of enchant armour
 h - 2 scrolls of fear
 i - 2 scrolls of random uselessness {unknown}
 k - 2 scrolls of teleportation
 n - 2 scrolls of fog {unknown}
 p - 4 scrolls of remove curse {unknown}
 t - a scroll of blinking {unknown}
 u - 2 scrolls of enchant weapon {unknown}
Potions
 b - 4 potions of curing {unknown}
 j - 2 potions of haste
 o - 2 potions of cancellation
 q - a potion of might
 v - a potion of ambrosia {unknown}
 x - a potion of agility {unknown}
 A - 2 potions of brilliance {unknown}
Comestibles
 f - 10 rations


   Skills:
 - Level 1.7 Fighting
 + Level 9.2 Short Blades
 - Level 1.7 Throwing
 - Level 0.7 Dodging
 - Level 4.8 Stealth


You had 7 spell levels left.
You didn't know any spells.
Your spell library was empty.

Dungeon Overview and Level Annotations

Branches:
Dungeon (5/15)
 Temple: D:4-7

Altars:
Cheibriados
Dithmenos
Elyvilon
Nemelex Xobeh
Okawaru
Qazlal
The Shining One


Innate Abilities, Weirdness & Mutations

You have razor-sharp teeth.
Your natural rate of healing is unusually fast.
When hurt, damage is shared between your health and your magic reserves.
Your bite disrupts and absorbs the magic of your enemies.
Potions cannot restore your health.
You are immune to rotting.


Message History

The scorpion is too close now for your liking.
A scorpion is nearby!
You hit the scorpion. Your bite misses the scorpion.
The scorpion is almost dead.
You feel sick.
You puncture the scorpion!
You kill the scorpion!
Dithmenos accepts your kill.
You start resting.
You feel sick.
The mummy is too close now for your liking.
You barely miss the mummy. You hit the mummy but do no damage.
The mummy hits you!
* * * LOW HITPOINT WARNING * * *
You hit the mummy. You bite the mummy, but do no damage.
The mummy is moderately damaged.
You hit the mummy. You bite the mummy, but do no damage.
The mummy is heavily damaged.
You feel sick. The mummy hits you!
You die...

#...........#.?.#.......
#...........######8...8#
#.....8.....#^^^#.......
#.....#.....'^^^#...8...
#.....#.....#^^^#...#...
##'###########'#######'#
#^^^#...#^^^#...#...#^^^
#^^^'...M^^^#...8...'^^^
#^^^#..@#^^^#.......#^^^
##########s###8...8#####
#!.M#...#.s.#.......#?.?
#..?#...8...#...8.†.#.M?
#?!.#.......#...#...#?!!
##'###8M..8###########+#
#...#.......#
#...'...8...+
#...#...#...#


You could see a mummy.

Vanquished Creatures
  8 scorpions
  A crimson imp (D:5)
  2 centaur zombies
  3 human zombies (Ossuary)
  2 orc priests
  3 orc wizards
  A bullfrog skeleton (D:5)
  7 worker ants
  A worker ant zombie (D:5)
  8 gnolls
  6 adders
  A scorpion zombie (Ossuary)
  A shadow imp (D:4)
  A dart slug (D:1)
  3 leopard geckos
  16 orcs
  2 ball pythons
  3 giant cockroaches
  A gnoll zombie (Ossuary)
  8 goblins
  7 hobgoblins
  4 jackals
  6 kobolds
  2 quokkas (D:4)
  6 bats
  5 frilled lizards (D:1)
  2 goblin zombies (Ossuary)
  A hobgoblin zombie (Ossuary)
  2 kobold zombies (Ossuary)
  A leopard gecko skeleton (D:4)
  2 orc zombies (Ossuary)
  A quokka skeleton (D:5)
  6 rats
123 creatures vanquished.

Vanquished Creatures (others)
  A scorpion (Ossuary)
  A goblin zombie (Ossuary)
2 creatures vanquished.

Grand Total: 125 creatures vanquished

Notes
Turn   | Place    | Note
-------+----------+-------------------------------------------
     0 | D:1      | HAL9000 the Vine Stalker Assassin began the quest for the
                  | Orb.
     0 | D:1      | Reached XP level 1. HP: 11/11 MP: 2/2
    32 | D:1      | Reached skill level 2 in Short Blades
    39 | D:1      | Reached XP level 2. HP: 13/15 MP: 3/3
   386 | D:1      | Reached skill level 3 in Short Blades
   389 | D:1      | Reached XP level 3. HP: 10/18 MP: 4/4
   864 | D:2      | Found a shadowy altar of Dithmenos.
   902 | D:2      | Became a worshipper of Dithmenos the Shadowed
   992 | D:2      | Gained mutation: Your natural rate of healing is unusually
                  | fast. [Vine Stalker growth]
   992 | D:2      | Reached XP level 4. HP: 18/23 MP: 5/5
  1367 | D:2      | Reached skill level 4 in Short Blades
  1939 | D:3      | Reached XP level 5. HP: 16/26 MP: 6/6
  1953 | D:3      | Reached * piety under Dithmenos
  2017 | D:3      | Found a white marble altar of Elyvilon.
  2235 | D:3      | Found an iron altar of Okawaru.
  2301 | D:3      | Found a stormy altar of Qazlal.
  2393 | D:4      | Found a snail-covered altar of Cheibriados.
  2393 | D:4      | Found a glowing golden altar of the Shining One.
  2515 | D:4      | Reached skill level 5 in Short Blades
  2923 | D:4      | Reached XP level 6. HP: 13/30 MP: 7/7
  3311 | D:4      | Found a sparkling altar of Nemelex Xobeh.
  3336 | D:4      | Reached skill level 6 in Short Blades
  3875 | D:5      | Entered Level 5 of the Dungeon
  3947 | D:4      | Reached XP level 7. HP: 21/34 MP: 5/8
  4022 | D:5      | Reached skill level 7 in Short Blades
  4038 | D:5      | Reached ** piety under Dithmenos
  4375 | D:5      | Found a sand-covered staircase.
  4382 | Ossuary  | Entered an ossuary
  4428 | Ossuary  | Reached skill level 8 in Short Blades
  4484 | Ossuary  | Gained mutation: You have razor-sharp teeth. [Vine Stalker
                  | growth]
  4484 | Ossuary  | Reached XP level 8. HP: 24/38 MP: 5/9
  4656 | Ossuary  | Reached skill level 9 in Short Blades
  4702 | Ossuary  | Slain by a mummy

Levels and vault maps discovered:
D:1:      saegor_arrival_simple_d, layout_basic, minmay_unequal
D:2:      minmay_chambers_of_twos, layout_loops_ring, lemuel_doored_altar,
          serial_bayou_crossing
D:3:      layout_loops_corners, okawaru_metal_pillars_3,
          nicolae_overflow_hidden_temple, first_ration, elyvilon_altar_5
D:4:      layout_basic, nemelex_xobeh_ov_fountains_minmay,
          chequers_temple_overflow_statue_of_worship
D:5:      layout_loops_ring, regret_index_temple_of_mockery,
          lemuel_coloured_pillars_altar, nicolae_ossuary_entry_ruins,
          serial_shops, nicolae_shop_trees
Ossuary:  ossuary_minmay_scorpions

Skill      XL: |  1  2  3  4  5  6  7  8 |
---------------+-------------------------+-----
Short Blades   | 2 3 4 5 6 8 9 |  9.2
Fighting       | |  1.7
Throwing       | |  1.7
Dodging        | |  0.7
Stealth        | |  4.8

Action                   |  1- 3 |  4- 6 |  7- 9 || total
-------------------------+-------+-------+-------++-------
Melee: Dagger            |    96 |   308 |    28 ||   432
       Bite              |    24 |    92 |    48 ||   164
       Rapier            |       |       |   150 ||   150
  Use: Scroll            |       |     6 |       ||     6
 Stab: Sleeping          |     7 |     7 |     6 ||    20
       Distracted        |       |       |     1 ||     1
  Eat: Chunk             |       |    10 |     2 ||    12
Armor: Robe              |    17 |       |       ||    17
       Leather armour    |     1 |    36 |    32 ||    69
Dodge: Dodged            |    51 |   160 |    90 ||   301

Table legend:
 A = Non-vault XP
 B = Vault XP
 C = Vault XP percentage of total XP
 D = Non-vault monster count
 E = Vault monster count
 F = Vault count percentage of total count
                 A         B        C        D         E       F
            +---------+---------+-------+---------+---------+-------
      Total |     998 |     710 |  41.6 |      92 |      32 |  25.8
            +---------+---------+-------+---------+---------+-------
        D:1 |      37 |       5 |  11.9 |      21 |       3 |  12.5
        D:2 |      53 |      13 |  19.7 |      16 |       8 |  33.3
        D:3 |     104 |       0 |   0.0 |      14 |       0 |   0.0
        D:4 |     455 |       0 |   0.0 |      29 |       0 |   0.0
        D:5 |     349 |       0 |   0.0 |      12 |       0 |   0.0
    Ossuary |       0 |     692 | 100.0 |       0 |      21 | 100.0
            +---------+---------+-------+---------+---------+-------
